 Dungeon Crawl Stone Soup version 0.31-a0-986-g5e6e4ef867 (webtiles) character file.

Game seed: 12623222618128456194

233 sammy202020 the Shield-Bearer (level 6, -11/39 HPs)
             Began as a Gargoyle Fighter on Nov 23, 2023.
             Mangled by an ogre
             ... wielding a +0 giant club
              (23 damage)
             ... on level 4 of the Dungeon.
             The game lasted 00:03:41 (2393 turns).

sammy202020 the Shield-Bearer (Gargoyle Fighter)    Turns: 2393, Time: 00:03:42

Health: -11/39     AC: 13    Str: 26    XL:     6   Next: 5%
Magic:  6/6        EV: 11    Int: 11    God:
Gold:   87         SH:  5    Dex:  9    Spells: 5/5 levels left

rFire   . . .        a - +0 flail
rCold   . . .        c - +1 buckler
rNeg    + . .        p - +4 leather armour of Relativism {-Tele Drain Str+7 SInv}
rPois   ∞            d - +0 helmet
rElec   +            (no cloak)
rCorr   .            (no gloves)
SInv    +            (no boots)
Will    .....        (no amulet)
Stlth   +            (no ring)
HPRegen 0.26/turn    (no ring)
MPRegen 0.10/turn

%: no teleportation
@: no status effects
A: sickness immunity, AC +4, negative energy resistance 1, electricity
resistance, torment resistance 1, petrification resistance
a: no special abilities


You were on level 4 of the Dungeon.
You visited 1 branch of the dungeon, and saw 4 of its levels.

You collected 87 gold pieces.

Inventory:

Hand Weapons
 a - a +0 flail (weapon)
Missiles
 i - 6 poisoned darts
Armour
 b - a +0 scale mail
 c - a +1 buckler (worn)
 d - a +0 helmet (worn)
 p - the +4 leather armour of Relativism (worn) {-Tele Drain Str+7 SInv}
   (You found it on level 4 of the Dungeon)

   Str+7:     It affects your strength (+7).
   SInv:      It lets you see invisible.
   -Tele:     It prevents most forms of teleportation.
   Drain:     It drains your maximum health when unequipped.
Scrolls
 f - a scroll of fear
 h - a scroll of identify
 l - a scroll of amnesia {unknown}
 n - a scroll of enchant weapon {unknown}
 q - a scroll of enchant armour
Potions
 e - a potion of ambrosia {unknown}
 g - a potion of heal wounds {unknown}
 j - a potion of berserk rage
 k - 2 potions of enlightenment
 m - 2 potions of might
 o - a potion of brilliance {unknown}


   Skills:
 * Level 4.4 Fighting
 * Level 3.2 Maces & Flails
 * Level 4.4 Armour
 + Level 1.4 Dodging
 * Level 4.4 Shields


You had 5 spell levels left.
You didn't know any spells.
Your spell library contained the following spells:

 Spells                   Type           Power      Damage    Failure   Level
 Ignite Poison            Fire/Tmut/Pois 0%         N/A       80%         3
 Freezing Cloud           Conj/Ice/Air   0%         6-21      100%        5
 Cigotuvi's Dreadful Rot  Necr/Pois/Air  Unusable   N/A       N/A         2

Dungeon Overview and Level Annotations

Branches:
Dungeon (4/15)
 Temple: D:4-7

Altars:
Dithmenos
Yredelemnul


Innate Abilities, Weirdness & Mutations

You are immune to sickness and miasma.
Your stone body is resilient. (AC +4)
You are immune to poison.
You resist negative energy. (rN+)
You are resistant to electric shocks. (rElec)
You are resistant to unholy torment.
You are immune to petrification.


Message History

The ogre misses you.
A steam dragon comes into view.
The steam dragon hisses angrily.
You hit the ogre.
The ogre is lightly wounded.
The ogre hits you but does no damage. The ball python barely misses you.
The ball python closely misses you.
You closely miss the ogre.
The ogre is lightly wounded.
An endoplasm comes into view.
The ball python bites you but does no damage.
The ball python closely misses you. The ogre hits you with a +0 giant club!
You barely miss the ogre.
The ogre is lightly wounded.
The endoplasm quivers.
A giant cockroach comes into view.
The ball python bites you but does no damage.
The ball python grabs you. The ball python constricts you.
The ball python bites you but does no damage.
The ball python constricts you.
A goblin comes into view. It is wielding a +0 club.
The ogre hits you but does no damage.
You escape the ball python's grasp.
The goblin shouts!
You hear a shout!
The ball python misses you. The ball python closely misses you.
The ogre hits you with a +0 giant club!
* * * LOW HITPOINT WARNING * * *
You block the ball python's attack. The ball python grabs you.
The ball python constricts you.
You hit the ogre.
The ogre is moderately wounded.
The ball python bites you but does no damage.
The ball python constricts you. You block the ogre's attack.
You hit the ogre.
The ogre is heavily wounded.
The ball python barely misses you. The ball python constricts you.
You escape the ball python's grasp.
The ogre attacks as it pursues you!
The ogre hits you with a +0 giant club!!
Ouch! That really hurt!
You die... .## #... ... .... .. #..# g.#..## .#...#### DJ.....

#$SB# #O# ##@#
#..# #.## ##.#
# #..# . .
#######.## ..#.
#.......##.###
...#
#..............
#...
#......########
#


You could see a steam dragon, an ogre, an endoplasm and a ball python.

Vanquished Creatures
  A sky beast (D:4)
  An iguana (D:4)
  Robin (D:2)
  A gnoll (D:1)
  An adder (D:3)
  5 dart slugs
  An orc (D:3)
  4 ball pythons
  7 endoplasms
  3 giant cockroaches
  14 goblins
  4 hobgoblins
  3 jackals (D:3)
  4 kobolds
  6 quokkas
  10 bats
  3 frilled lizards
  3 rats
72 creatures vanquished.

Notes
Turn   | Place    | Note
-------+----------+-------------------------------------------
     0 | D:1      | sammy202020 the Gargoyle Fighter began the quest for the
                  | Orb.
     0 | D:1      | Reached XP level 1. HP: 14/14 MP: 1/1
    98 | D:1      | Reached XP level 2. HP: 19/19 MP: 2/2
   206 | D:1      | Reached XP level 3. HP: 15/23 MP: 3/3
   991 | D:2      | Noticed Robin
  1011 | D:2      | HP: 1/24 [goblin/+0 club[Robin] (5)]
  1014 | D:2      | Killed Robin
  1015 | D:2      | Reached XP level 4. HP: 3/29 MP: 4/4
  1016 | D:2      | Reached skill level 1 in Dodging
  1079 | D:2      | Found a faded altar of an unknown god.
  1878 | D:3      | Found a shadowy altar of Dithmenos.
  1878 | D:3      | Found a basalt altar of Yredelemnul.
  2059 | D:4      | Noticed a sky beast
  2073 | D:4      | Reached XP level 5. HP: 12/33 MP: 5/5
  2084 | D:4      | Killed a sky beast
  2221 | D:4      | Identified the +4 leather armour of Relativism {-Tele Drain
                  | Str+7 SInv}
  2289 | D:4      | Reached XP level 6. HP: 17/39 MP: 6/6
  2385 | D:4      | Noticed a steam dragon
  2393 | D:4      | Mangled by an ogre

Illustrated notes

Levels and vault maps discovered:
D:1:      co_arrival_random_square_maze, layout_basic
D:2:      layout_loops_cross, hellmonk_ecumenical_altar_pennies_from_heaven,
          uniq_robin
D:3:      layout_rooms, nicolae_overflow_two_pavilions,
          chequers_serial_rivers_room_a
D:4:      layout_rooms, portal_sewer_entry_e, minmay_circle_x

Skill      XL: |  1  2  3  4  5 |
---------------+----------------+-----
Dodging        | 1 |  1.4
Fighting       | 4 |  4.4
Armour         | 4 |  4.4
Shields        | 4 |  4.4
Maces & Flails | 3 |  3.2

Action                     |  1- 3 |  4- 6 || total
---------------------------+-------+-------++-------
  Melee: Flail             |    85 |   134 ||   219
    Use: Potion            |     1 |     3 ||     4
         Scroll            |       |     4 ||     4
 Armour: Scale mail        |    93 |    99 ||   192
         Leather armour    |       |    14 ||    14
  Dodge: Dodged            |    55 |    63 ||   118
  Block: Buckler           |    29 |    48 ||    77

Table legend: (Time is in decaauts)
 A = Elapsed time spent in this place.
 B = Non-inter-level travel time spent in this place.
 C = Inter-level travel time spent in this place.
 D = Time resting spent in this place.
 E = Time spent auto-exploring this place.
 F = Levels seen in this place.
 G = Mean time per level.
                   A        B        C        D        E       F      G
               +--------+--------+--------+--------+--------+-----+--------+
         Total |   2470 |   2431 |     39 |     43 |   1735 |   4 |  617.5 |
       Dungeon |   2470 |   2431 |     39 |     43 |   1735 |   4 |  617.5 |
               +--------+--------+--------+--------+--------+-----+--------+

Top non-repeatable levels by time:
     D:1: 920 daAuts
     D:2: 687 daAuts
     D:3: 498 daAuts
     D:4: 364 daAuts
